Map: Apotheosis LE

Players

Snute - Winner!

  • Race: Zerg Zerg

Has

  • Race: Protoss Protoss

Event: WCS Copa Intercontinental

VOD

Have the link to the VOD?

Description

Time

  • Played on: Sept. 10, 2016, 5:54 p.m.
  • Length: 10:08

All games in this series

Show
View Real Time Build Order
Export as new Build Order

Snute Zerg - Winner!

Build Orders: Hatch First, MMM Bio, Muta Ling Bane 

Get SALT Encoding   

  12  0:00  Drone  
  13  0:12  Overlord  
  13  0:17  Drone  
  14  0:30  Drone x2  
  14  0:34  Drone  
  17  0:52  Hatchery  
  17  0:55  Drone  
  17  0:58  Drone  
  17  1:03  Extractor  
  17  1:15  Spawning Pool  
  17  1:17  Drone  
  17  1:20  Drone  
  18  1:28  Drone  
  19  1:39  Overlord  
  19  1:49  Drone  
  20  2:00  Drone  
  21  2:02  Queen  
  21  2:04  Queen  
  25  2:08  Metabolic Boost  
  25  2:12  Drone  
  25  2:14  Drone  
  27  2:17  Drone  
  27  2:21  Zergling x2  
  29  2:26  Drone  
  30  2:32  Drone  
  30  2:36  Drone  
  32  2:46  Overlord  
  32  2:49  Drone  
  32  2:51  Hatchery  
  32  2:55  Drone  
  33  2:59  Drone  
  33  3:04  Drone  
  35  3:08  Drone  
  35  3:10  Overlord  
  35  3:11  Drone x2  
  38  3:13  Drone x3  
  38  3:19  Overlord  
  41  3:20  Drone  
  41  3:23  Queen  
  44  3:27  Overlord  
  44  3:31  Zergling x2  
  45  3:35  Extractor  
  45  3:37  Roach Warren  
  45  3:39  Zergling x2  
  44  3:43  Drone x3  
  44  3:45  Queen  
  44  3:48  Drone  
  50  3:57  Overlord  
  50  4:07  Queen  
  52  4:12  Lair  
  52  4:19  Roach x3  
  52  4:20  Zergling x2  
  52  4:21  Zergling x10  
  63  4:27  Roach  
  63  4:28  Zergling x6  
  68  4:34  Zergling x2  
  68  4:35  Zergling x6  
  72  4:44  Zergling x8  
  75  4:49  Overlord  
  75  4:52  Spore Crawler x2  
  74  4:58  Drone  
  74  5:03  Drone x5  
  74  5:06  Drone  
  80  5:08  Drone x2, Evolution Chamber  
  81  5:19  Drone x2, Spire  
  81  5:20  Extractor  
  81  5:21  Overlord  
  81  5:25  Overseer  
  81  5:27  Overseer  
  79  5:28  Overseer  
  79  5:30  Drone  
  79  5:31  Spore Crawler, Drone x7  
  85  5:39  Drone x2  
  85  5:40  Drone x2  
  85  5:42  Drone x2  
  91  5:45  Extractor  
  91  5:46  Drone  
  91  5:48  Extractor  
  90  5:50  Pneumatized Carapace  
  90  5:59  Zergling x10  
  90  6:00  Zergling x6  
  97  6:06  Overseer  
  97  6:10  Zergling x8  
  98  6:15  Drone  
  97  6:20  Drone  
  97  6:21  Overlord x3  
  98  6:34  Overlord  
  98  6:35  Zerg Melee Weapons Level 1  
  98  6:37  Extractor  
  97  6:40  Mutalisk  
  97  6:41  Mutalisk x2  
  101  6:48  Drone x3  
  101  6:49  Drone, Hatchery  
  104  6:55  Drone x3  
  104  6:56  Drone  
  104  6:58  Baneling Nest  
  104  6:59  Drone x3  
  110  7:03  Overlord  
  110  7:06  Drone x3  
  110  7:07  Hatchery  
  112  7:17  Roach x4, Overlord  
  120  7:24  Queen  
  120  7:28  Zergling x14  
  129  7:35  Zergling x2  
  129  7:36  Zergling x8  
  134  7:49  Zerg Flyer Weapons Level 1  
  134  7:52  Drone x5  
  139  7:58  Overlord  
  137  8:07  Mutalisk x6  
  137  8:08  Mutalisk x2  
  137  8:10  Overlord x2  
  151  8:16  Spore Crawler  
  151  8:18  Centrifical Hooks  
  150  8:21  Overlord x2  
  150  8:26  Mutalisk  
  150  8:27  Mutalisk x3  
  150  8:28  Zergling x2  
  150  8:29  Zergling x4  
  161  8:34  Overlord x2  
  161  8:38  Zergling x2  
  161  8:39  Zergling x4  
  164  8:45  Extractor, Zergling x14  
  170  8:50  Zergling x2  
  170  8:54  Zergling x10  
  177  9:02  Zergling x2  
  177  9:03  Zergling x12  
  183  9:12  Overlord  
  179  9:19  Zergling x26  
  192  9:27  Baneling x23  
  192  9:28  Baneling x13  
  192  9:31  Zergling x14  
  197  9:49  Ravager x4  
Show
View Real Time Build Order
Export as new Build Order

Has Protoss 

Build Orders: 1 Gate Expand, Zealot Archon 

Get SALT Encoding   

  12  0:01  Probe (Chrono Boost)  
  13  0:11  Probe (Chrono Boost)  
  14  0:17  Pylon  
  14  0:22  Probe (Chrono Boost)  
  16  0:35  Probe (Chrono Boost)  
  16  0:38  Gateway  
  16  0:46  Probe (Chrono Boost)  
  16  0:47  Assimilator  
  17  0:56  Probe (Chrono Boost)  
  18  1:07  Probe (Chrono Boost)  
  19  1:22  Nexus  
  19  1:24  Probe (Chrono Boost)  
  20  1:35  Cybernetics Core  
  20  1:38  Probe (Chrono Boost)  
  21  1:43  Assimilator  
  21  1:48  Probe (Chrono Boost)  
  21  1:53  Pylon  
  22  1:59  Probe (Chrono Boost)  
  23  2:08  Adept  
  23  2:12  Warp Gate  
  23  2:13  Probe (Chrono Boost)  
  26  2:25  Probe (Chrono Boost)  
  27  2:31  Pylon  
  27  2:35  Mothership Core (Chrono Boost)  
  30  2:37  Probe (Chrono Boost)  
  30  2:39  Adept  
  32  2:49  Probe (Chrono Boost)  
  33  2:54  Probe (Chrono Boost)  
  34  3:01  Gateway, Probe (Chrono Boost)  
  34  3:04  Probe (Chrono Boost)  
  36  3:13  Adept  
  36  3:15  Twilight Council, Probe (Chrono Boost)  
  39  3:20  Probe (Chrono Boost)  
  40  3:33  Pylon  
  40  3:38  Pylon  
  40  3:39  Resonating Glaives  
  40  3:42  Gateway  
  40  3:44  Gateway  
  40  3:48  Gateway  
  40  3:58  Probe (Chrono Boost)  
  40  3:59  Probe (Chrono Boost)  
  41  4:06  Dark Shrine  
  41  4:08  Gateway, Probe (Chrono Boost)  
  42  4:15  Probe (Chrono Boost)  
  43  4:22  Adept  
  43  4:23  Pylon, Adept  
  48  4:24  Probe (Chrono Boost)  
  48  4:27  Assimilator, Probe (Chrono Boost)  
  49  4:33  Pylon  
  48  4:46  Gateway  
  48  4:55  Probe (Chrono Boost)  
  48  4:57  Probe (Chrono Boost)  
  50  5:04  Pylon  
  50  5:06  Probe (Chrono Boost)  
  46  5:07  Pylon  
  46  5:09  Probe (Chrono Boost)  
  46  5:12  Pylon  
  47  5:18  Dark Templar x3  
  47  5:20  Adept  
  47  5:21  Adept x2  
  59  5:33  Probe (Chrono Boost)  
  59  5:35  Probe (Chrono Boost)  
  61  5:45  Nexus  
  61  5:47  Pylon  
  61  5:49  Probe (Chrono Boost)  
  63  5:51  Probe (Chrono Boost)  
  63  5:56  Adept x5  
  73  5:57  Sentry  
  73  6:00  Probe (Chrono Boost)  
  62  6:22  Adept x6  
  72  6:28  Assimilator  
  72  6:31  Probe (Chrono Boost)  
  74  6:33  Probe (Chrono Boost)  
  74  6:34  Pylon  
  74  6:36  Pylon, Charge  
  74  6:43  Dark Templar x2  
  74  6:46  Probe (Chrono Boost)  
  80  6:47  Probe (Chrono Boost)  
  80  6:52  Gateway  
  80  6:53  Gateway x2, Archon  
  80  6:57  Zealot x2, Probe (Chrono Boost)  
  80  6:59  Probe (Chrono Boost), Zealot  
  88  7:06  Probe (Chrono Boost)  
  88  7:07  Probe (Chrono Boost)  
  90  7:16  Dark Templar x2, Probe (Chrono Boost)  
  90  7:17  Zealot  
  90  7:19  Zealot x2  
  90  7:20  Archon  
  101  7:27  Probe (Chrono Boost)  
  101  7:29  Pylon  
  101  7:37  Probe (Chrono Boost)  
  101  7:40  Stalker x2  
  101  7:41  Stalker x2  
  106  7:51  Stalker x2  
  106  7:52  Stalker x2  
  114  8:17  Pylon  
  114  8:21  Pylon  
  114  8:23  Assimilator  
  114  8:26  Dark Templar x2  
  118  8:27  Assimilator  
  118  8:30  Pylon  
  118  8:34  Archon  
  118  8:45  Dark Templar x2  
  122  8:52  Nexus  
  122  8:53  Pylon  
  122  8:54  Zealot  
  124  8:55  Robotics Facility  
  124  8:57  Pylon  
  115  9:17  Archon  
  115  9:28  Zealot x3  
  115  9:29  Zealot x3  
Tags
 
Add a new tag
Caveats
  • Supply blocks, unpowered buildings, or Contaminate may cause inaccurate times.
  • Supply counts are checked every 10 seconds.